AoeStats
← ZHI

Arabia

506143036Analyzed
1v1 RM · 21d ago on Sep 12, 2026· 54m 15s· 2 players
Game mode
Random Map
Map size
Tiny (2 player)
Population
200
Speed
Normal
Resources
Standard
Victory
Conquest
Starting age
Dark Age
Ending age
Imperial Age
RankedLock teamsTeams togetherTeam positionsShared explorationLock speedFull tech treeHidden civsTurbo modeCheats
Victory
Defeat
🇩🇪 Hindustanis · Germany
1177
+17
🇹🇼 Burgundians · Taiwan
1188
-17
mayool
6:25 Loom
8:51 Feudal Age
9:28 Double-Bit Axe
12:06 Forging
18:41 Castle Age
17:19 Gold Mining
17:14 Horse Collar
19:46 Bow Saw
20:23 Fletching
21:09 Heavy Plow
24:11 Wheelbarrow
24:22 Scale Barding Armor
25:58 Bloodlines
26:25 Iron Casting
27:17 Chain Barding Armor
35:41 Imperial Age
33:28 Hand Cart
34:36 Husbandry
34:47 Town Watch
35:50 Heavy Camel Rider
37:32 Blast Furnace
37:14 Plate Barding Armor
37:41 Blast Furnace
37:51 Imperial Camel Rider
39:14 Conscription
39:43 Light Cavalry
43:23 Hussar
44:30 Redemption
52:09 Shatagni
53:14 Chemistry
ZHI
3:57 Double-Bit Axe
6:11 Loom
9:11 Feudal Age
10:11 Horse Collar
11:27 Bow Saw
18:18 Gold Mining
20:51 Castle Age
20:58 Scale Barding Armor
21:42 Husbandry
22:09 Chain Barding Armor
22:42 Gold Shaft Mining
24:35 Wheelbarrow
24:09 Cavalier
25:32 Forging
33:49 Imperial Age
32:04 Stone Mining
34:17 Paladin
35:36 Plate Barding Armor
36:03 Chemistry
36:14 Burgundian Vineyards
37:47 Devotion
39:42 Iron Casting
39:28 Masonry
43:47 Architecture
45:45 Hand Cart
48:11 Pikeman
49:11 Scale Mail Armor
50:11 Blast Furnace
48:57 Halberdier
50:32 Chain Mail Armor
54:07 Squires
Connection lost

Rejoining the realm…

Still unreachable

The connection could not be restored.

Session expired

The server has moved on; the page needs a fresh start.